 Dungeon Crawl Stone Soup version 0.31-a0-237-g2d982f9f85 (webtiles) character file.

Game seed: 9807554304385826595

547 qw the Shooter (level 7, -7/59 HPs)
             Began as a Minotaur Hexslinger on July 11, 2023.
             Was an Initiate of Okawaru.
             Mangled by an ice beast (8 damage)
             ... on level 5 of the Dungeon.
             The game lasted 00:01:29 (3087 turns).

qw the Shooter (Minotaur Hexslinger)                Turns: 3087, Time: 00:01:29

Health: -7/59      AC:  6    Str: 12    XL:     7   Next: 7%
Magic:  7/7        EV: 11    Int: 10    God:    Okawaru [......]
Gold:   170        SH:  0    Dex: 15    Spells: 7/8 levels left

rFire   . . .        Y - +1 sling
rCold   . . .        (no shield)
rNeg    . . .        g - +0 ring mail
rPois   .            (helmet restricted)
rElec   .            (no cloak)
rCorr   .            (no gloves)
SInv    .            a - +0 pair of boots
Will    .....        f - amulet of the acrobat
Stlth   +            (no ring)
HPRegen 0.29/turn    (no ring)
MPRegen 0.10/turn

%: acrobat
@: no status effects
A: horns 2, retaliatory headbutt
a: Renounce Religion


You were on level 5 of the Dungeon.
You worshipped Okawaru.
Okawaru was noncommittal.
You visited 1 branch of the dungeon, and saw 5 of its levels.

You collected 170 gold pieces.


Innate Abilities, Weirdness & Mutations

You have a pair of horns on your head.
You reflexively headbutt those who attack you in melee.


   Skills:
 - Level 4.1 Fighting
 + Level 7.5 Ranged Weapons
 - Level 1.2 Armour
 - Level 2.1 Dodging
 - Level 1.0 Spellcasting
 - Level 2.0 Hexes


You had 7 spell levels left.
You knew the following spells:

 Your Spells              Type           Power      Damage    Failure   Level
a - Slow                  Hex            16%        N/A       34%         1

Your spell library contained the following spells:

 Spells                   Type           Power      Damage    Failure   Level
 Inner Flame              Hex/Fire       2%         N/A       83%         3
 Portal Projectile        Hex/Tloc       4%         N/A       83%         3
 Cause Fear               Hex            2%         N/A       98%         4

Inventory:

Hand Weapons
 Y - a +1 sling (weapon)
Armour
 a - a +0 pair of boots (worn)
 g - a +0 ring mail (worn)
Jewellery
 f - an amulet of the acrobat (around neck)
Scrolls
 b - 2 scrolls of identify
Potions
 c - a potion of cancellation
 d - a potion of might
 e - a potion of curing
 j - a potion of haste

Dungeon Overview and Level Annotations

Branches:
Dungeon (5/15)
 Temple: D:4-7

Altars:
Dithmenos
Okawaru

Annotations:
D:3 2 transporters, qw's ghost, amateur MiHs


Message History

The sling bullet barely misses the ice beast.
The ice beast closely misses you. You furiously retaliate!
You headbutt the ice beast. You shoot a sling bullet.
The sling bullet hits the ice beast.
The ice beast is moderately wounded.
The ice beast closely misses you.
You shoot a sling bullet.
The sling bullet hits the ice beast but does no damage.
The ice beast is moderately wounded.
The ice beast hits you. The ice beast freezes you!
You shoot a sling bullet.
The sling bullet barely misses the ice beast.
The ice beast misses you.
You shoot a sling bullet.
The sling bullet hits the ice beast but does no damage.
The ice beast is lightly wounded.
The ice beast hits you. The ice beast freezes you!
The ice beast barely misses you.
You shoot a sling bullet. The sling bullet hits the ice beast.
The ice beast is moderately wounded.
The ice beast hits you but does no damage.
You shoot a sling bullet.
The sling bullet hits the ice beast but does no damage.
The ice beast is moderately wounded.
The ice beast hits you but does no damage.
You shoot a sling bullet. The sling bullet hits the ice beast.
The ice beast is heavily wounded.
The ice beast closely misses you.
You shoot a sling bullet.
The sling bullet hits the ice beast but does no damage.
The ice beast is heavily wounded.
The ice beast barely misses you. You furiously retaliate!
You headbutt the ice beast, but do no damage.
You shoot a sling bullet. The sling bullet hits the ice beast.
The ice beast is heavily wounded.
The ice beast hits you. The ice beast freezes you!
You shoot a sling bullet. The sling bullet hits the ice beast.
The ice beast is heavily wounded.
The ice beast hits you. The ice beast freezes you!
You die...

# #.# ########.#
###.######.........
#...........###..#
#.#.#.#####.# ###.#.#.#
#.# ####.#.#.#.# #.#
.......#.#.#####@#
####.............Y....#
###%....#####.####.#
#.#.### #.# #.#.# #.#
#.#.# #.# #.#.# #.#
#.#<#######.#
#...........


You could see an ice beast.

Vanquished Creatures
  Eustachio (D:4)
  An ogre (D:4)
  2 hounds
  2 jellies
  An iguana (D:4)
  4 gnolls (D:3)
  5 adders
  A white imp (D:4)
  2 worms (D:3)
  A dart slug (D:1)
  An orc (D:4)
  3 bats
  4 endoplasms
  2 giant cockroaches
  13 goblins
  11 hobgoblins
  2 jackals
  5 quokkas
  7 ball pythons
  A frilled lizard (D:2)
  A kobold (D:1)
  11 rats
81 creatures vanquished.

Notes
Turn   | Place    | Note
-------+----------+-------------------------------------------
     0 | D:1      | qw the Minotaur Hexslinger began the quest for the Orb.
     0 | D:1      | Reached XP level 1. HP: 16/16 MP: 1/1
     0 | D:1      | 0 ||| qw: Version: 0.3-a-52-g30416fa
     0 | D:1      | 0 ||| qw: Game counter: 5743
     0 | D:1      | 0 ||| qw: Melee chars always use a shield: true
     0 | D:1      | 0 ||| qw: God list: Okawaru
     0 | D:1      | 0 ||| qw: Allow faded altars: false
     0 | D:1      | 0 ||| qw: Do Orc after clearing Dungeon:15 true
     0 | D:1      | 0 ||| qw: Do second Lair branch before Depths: true
     0 | D:1      | 0 ||| qw: Lair rune preference: random
     0 | D:1      | 0 ||| qw: Goals: Normal
     0 | D:1      | 0 ||| PLANNING D:1-11
   765 | D:1      | 765 ||| UPGRADING to +0 leather armour.
   775 | D:1      | 775 ||| DROPPING +0 robe.
   776 | D:1      | 776 ||| UPGRADING to +0 ring mail.
   786 | D:1      | 786 ||| DROPPING +0 leather armour.
   787 | D:1      | 787 ||| READING scroll labelled JUXKIO GURETRI.
   788 | D:1      | 788 ||| READING scroll labelled PATATR ROUXU.
   791 | D:1      | 791 ||| READING scroll labelled ANGIKLAAJA.
   823 | D:1      | 823 ||| READING scroll labelled NIMOZ SYJU.
   824 | D:1      | 824 ||| DROPPING scroll of poison.
   858 | D:2      | Found a faded altar of an unknown god.
   915 | D:2      | 915 ||| STAIRDANCE
   918 | D:1      | Reached skill level 3 in Ranged Weapons
   918 | D:1      | Reached XP level 2. HP: 19/23 MP: 2/2
   922 | D:1      | HP: 5/23 [poisoned by an adder]
   922 | D:1      | HP: 2/23 [adder (3)]
   928 | D:1      | HP: 2/23 [adder (1)]
  1024 | D:2      | 1024 ||| STAIRDANCE
  1034 | D:1      | Reached XP level 3. HP: 14/29 MP: 3/3
  1098 | D:2      | 1098 ||| STAIRDANCE
  1188 | D:2      | Reached skill level 4 in Ranged Weapons
  1302 | D:2      | Reached skill level 1 in Armour
  1360 | D:2      | Reached XP level 4. HP: 36/36 MP: 4/4
  1504 | D:2      | 1504 ||| READING 3 scrolls labelled NAEKACVIHA.
  1505 | D:2      | 1505 ||| READING scroll labelled LIED JI OKK.
  1506 | D:2      | 1506 ||| DROPPING 2 scrolls of vulnerability.
  1570 | D:3      | Found a transporter.
  1606 | D:3      | Found a transporter.
  1606 | D:3      | Noticed qw's ghost (amateur MiHs)
  1701 | D:3      | Reached skill level 5 in Ranged Weapons
  1716 | D:3      | 1716 ||| FLEEEEING.
  1717 | D:3      | 1717 ||| FLEEEEING.
  1718 | D:3      | 1718 ||| FLEEEEING.
  1719 | D:3      | 1719 ||| FLEEEEING.
  1720 | D:3      | 1720 ||| FLEEEEING.
  1721 | D:3      | 1721 ||| FLEEEEING.
  1722 | D:3      | 1722 ||| FLEEEEING.
  1723 | D:3      | 1723 ||| FLEEEEING.
  1724 | D:3      | 1724 ||| FLEEEEING.
  1725 | D:3      | 1725 ||| STAIRDANCE
  1788 | D:2      | 1788 ||| READING scroll labelled ANAEW DENILONK.
  1789 | D:2      | 1789 ||| READING scroll labelled POYDGH HUMMEE.
  1790 | D:2      | 1790 ||| READING 2 scrolls of identify.
  1790 | D:2      | 1790 ||| IDENTIFYING fuming inky potion
  1817 | D:3      | Reached XP level 5. HP: 23/42 MP: 5/5
  1865 | D:3      | 1865 ||| FLEEEEING.
  1933 | D:3      | Reached skill level 3 in Fighting
  2152 | D:3      | 2152 ||| UPGRADING to +0 pair of boots.
  2157 | D:3      | 2157 ||| DRINKING 2 fizzy black potions.
  2185 | D:4      | 2185 ||| STAIRDANCE
  2221 | D:4      | Reached skill level 6 in Ranged Weapons
  2223 | D:4      | Noticed an ogre
  2235 | D:4      | HP: 11/45 [ogre/+0 giant spiked club (12)]
  2236 | D:4      | Killed an ogre
  2237 | D:4      | Reached XP level 6. HP: 13/52 MP: 6/6
  2256 | D:4      | 2256 ||| FLEEEEING.
  2262 | D:4      | 2262 ||| STAIRDANCE
  2435 | D:4      | Noticed Eustachio
  2465 | D:4      | HP: 10/52 [Eustachio/+0 rapier (7)]
  2466 | D:4      | 2466 ||| READING scroll of teleportation.
  2469 | D:4      | Found an iron altar of Okawaru.
  2470 | D:4      | 2470 ||| PLANNING OKAWARU WORSHIP
  2654 | D:4      | Identified the +2 quarterstaff of Leclait {heavy, Dex+4}
  2683 | D:4      | Killed Eustachio
  2684 | D:4      | Reached skill level 7 in Ranged Weapons
  2775 | D:4      | Found a shadowy altar of Dithmenos.
  2914 | D:4      | Reached XP level 7. HP: 51/59 MP: 7/7
  2978 | D:4      | 2978 ||| UPGRADING to amulet of the acrobat.
  2983 | D:4      | 2983 ||| READING scroll labelled KYOPHA SUTIBU.
  2984 | D:4      | 2984 ||| DRINKING 2 inky potions.
  2985 | D:4      | 2985 ||| READING 5 scrolls of identify.
  2985 | D:4      | 2985 ||| IDENTIFYING green potion
  2986 | D:4      | 2986 ||| READING 4 scrolls of identify.
  2986 | D:4      | 2986 ||| IDENTIFYING ruby potion
  2987 | D:4      | 2987 ||| READING 3 scrolls of identify.
  2987 | D:4      | 2987 ||| IDENTIFYING bubbling yellow potion
  2988 | D:4      | 2988 ||| DROPPING potion of lignification.
  2989 | D:4      | 2989 ||| DROPPING potion of invisibility.
  2999 | D:4      | Became a worshipper of Warmaster Okawaru
  3000 | D:4      | 3000 ||| PLANNING D:1-11
  3015 | D:5      | Entered Level 5 of the Dungeon
  3016 | D:5      | 3016 ||| PLANNING SEWER
  3081 | D:5      | HP: 11/59 [ice beast (13)]
  3086 | D:5      | HP: 12/59 [ice beast (1)]
  3086 | D:5      | HP: 5/59 [ice beast (7)]
  3087 | D:5      | HP: 1/59 [ice beast (4)]
  3087 | D:5      | Mangled by an ice beast

Levels and vault maps discovered:
D:1:      dpeg_arrival_simpleton_a, layout_loops_ring, chequers_arboretum,
          bh_walls_and_bars
D:2:      layout_rooms, nicolae_ecumenical_oubliette, st_stairs_11,
          minmay_misc_feat_five
D:3:      layout_rooms, gammafunk_ghost_mausoleum, hangedman_decor_slide_cut,
          minmay_goblin_outpost
D:4:      layout_rooms, mainiacjoe_overflow_tiny_flanked,
          mainiacjoe_overflow_catwalk, uniq_eustachio
D:5:      lemuel_ratsnest, layout_loops_ring, mainiacjoe_overflow_alcove_4,
          gup_sewer_entry_glass

Skill      XL: |  1  2  3  4  5  6 |
---------------+-------------------+-----
Ranged Weapons | 3 4 5 6 7 |  7.5
Fighting       | 2 4 |  4.1
Armour         | 1 |  1.2
Dodging        | |  2.1
Spellcasting   | |  1.0
Hexes          | |  2.0

Action                     |  1- 3 |  4- 6 |  7- 9 || total
---------------------------+-------+-------+-------++-------
   Fire: Sling             |   106 |   217 |    26 ||   349
    Use: Scroll            |     4 |     6 |     4 ||    14
         Potion            |       |     1 |     1 ||     2
 Armour: Ring mail         |    51 |    44 |     6 ||   101
  Dodge: Dodged            |    69 |    72 |    17 ||   158

Table legend:
 A = Non-vault XP
 B = Vault XP
 C = Vault XP percentage of total XP
 D = Non-vault monster count
 E = Vault monster count
 F = Vault count percentage of total count
                 A         B        C        D         E       F
            +---------+---------+-------+---------+---------+-------
      Total |     551 |     231 |  29.5 |      66 |      15 |  18.5
            +---------+---------+-------+---------+---------+-------
        D:1 |      40 |       7 |  14.9 |      12 |       3 |  20.0
        D:2 |      53 |       0 |   0.0 |      19 |       0 |   0.0
        D:3 |     178 |      22 |  11.0 |      22 |      11 |  33.3
        D:4 |     238 |     202 |  45.9 |      12 |       1 |   7.7
        D:5 |      42 |       0 |   0.0 |       1 |       0 |   0.0
            +---------+---------+-------+---------+---------+-------
